 Dungeon Crawl Stone Soup version 0.23.2-30-g0e89c35 (webtiles) character file.

Game seed: 11158199000587875855

18 Fortress the Firebug (level 2, 0/20 HPs)
             Began as a Draconian Fire Elementalist on June 18, 2019.
             Slain by a rat (1 damage)
             ... on level 1 of the Dungeon.
             The game lasted 00:02:55 (435 turns).

Fortress the Firebug (Draconian Fire Elementalist)   Turns: 435, Time: 00:02:57

Health: 0/20       AC:  4    Str: 10    XL:     2   Next: 51%
Magic:  0/5        EV: 12    Int: 15    God:
Gold:   44         SH:  0    Dex: 11    Spells: 4/5 levels left

rFire    . . .     SeeInvis .   g - +0 hand axe
rCold    . . .     Gourm    .   (no shield)
rNeg     . . .     Faith    .   (armour unavailable)
rPois    .         Spirit   .   (helmet restricted)
rElec    .         Reflect  .   (no cloak)
rCorr    .         Harm     .   (no gloves)
MR       .....     Rnd*Tele +   (no boots)
Stlth    ++........             (no amulet)
HPRegen  0.06/turn              e - ring of teleportation (curse)
MPRegen  0.09/turn              (no ring)

@: very slightly contaminated
A: unfitting armour, cold-blooded, AC +4
a: no special abilities


You were on level 1 of the Dungeon.
You were not hungry.

You visited 1 branch of the dungeon, and saw 1 of its levels.

You collected 44 gold pieces.

Inventory:

Hand Weapons
 g - a +0 hand axe (weapon)
Missiles
 c - 18 poisoned needles
 f - a stone (quivered)
Jewellery
 e - a cursed ring of teleportation (left hand)
Scrolls
 a - a scroll of enchant weapon {unknown}
 d - a scroll of random uselessness {unknown}
Potions
 h - a potion of haste {unknown}
Comestibles
 b - a ration


   Skills:
 - Level 2.0 Dodging
 + Level 1.9 Stealth
 + Level 2.2 Spellcasting
 + Level 1.3 Conjurations
 + Level 3.4 Fire Magic


You had 4 spell levels left.
You knew the following spells:

 Your Spells              Type           Power        Failure   Level  Hunger
a - Flame Tongue          Conj/Fire      #....        9%          1    #......

Your spell library contained the following spells:

 Spells                   Type           Power        Failure   Level  Hunger
 Throw Flame              Conj/Fire      #.....       12%         2    ###....
 Conjure Flame            Conj/Fire      #.......     24%         3    ###....
 Inner Flame              Hex/Fire       #.......     32%         3    ###....
 Sticky Flame             Conj/Fire      #.......     63%         4    #####..
 Fireball                 Conj/Fire      #.........   92%         5    ######.


Dungeon Overview and Level Annotations

Branches:
Dungeon (1/15)

Altars:


Innate Abilities, Weirdness & Mutations

Your plain brown scales are hard. (AC +4)
You cannot fit into any form of body armour.
You are cold-blooded and may be slowed by cold attacks.


Message History

You smell smoke.
The goblin hits you with a +0 dagger. The rat bites you but does no damage.
The frilled lizard bites you.
You barely miss the rat. You barely miss the hobgoblin.
You closely miss the frilled lizard. You closely miss the goblin.
The goblin hits you with a +0 dagger. The rat bites you.
The hobgoblin hits you with a +0 club. The frilled lizard barely misses you.
You barely miss the rat. You barely miss the goblin.
You miss the frilled lizard. You barely miss the hobgoblin. The rat bites you.
The goblin hits you with a +0 dagger.
* * * LOW HITPOINT WARNING * * *
The hobgoblin barely misses you.
The frilled lizard bites you but does no damage.
You closely miss the rat. You tail-slap the rat.
The rat is heavily wounded.
You completely miss the hobgoblin. You closely miss the frilled lizard.
You barely miss the goblin. The goblin hits you but does no damage.
The rat barely misses you. The hobgoblin closely misses you.
The frilled lizard barely misses you. The goblin closely misses you.
The rat bites you.
You die...

###.....#.##.#......#
#.......#.##.#......#
#.......#.##.#......#
#.......#.##.###'#..#
#.......#'##.###.#..#
####..............)†...#
....(..).........).....#
#.....g................#
..#..l@...............#
#....gr............#..#
#..................#..#
#...................#..#
.#..#######.........+>.#
#.. #.........# #..
#+### ..


You could see a hobgoblin, a goblin, a frilled lizard and a rat.

Vanquished Creatures
  A dart slug (D:1)
  4 bats (D:1)
  A hobgoblin (D:1)
  5 kobolds (D:1)
  A frilled lizard (D:1)
  3 rats (D:1)
15 creatures vanquished.

Notes
Turn   | Place    | Note
-------+----------+-------------------------------------------
     0 | D:1      | Fortress the Draconian Fire Elementalist began the quest
                  | for the Orb.
     0 | D:1      | Reached XP level 1. HP: 14/14 MP: 3/3
   242 | D:1      | Reached XP level 2. HP: 13/20 MP: 1/5
   434 | D:1      | HP: 1/20 [goblin/+0 dagger (6)]
   435 | D:1      | Slain by a rat

Skill      XL: |  1 |
---------------+----+-----
Dodging        | 2 |  2.0
Stealth        | |  1.9
Spellcasting   | |  2.2
Conjurations   | |  1.3
Fire Magic     | |  3.4

Action                   || total
-------------------------++-------
Melee: Unarmed           ||     6
       Hand axe          ||    17
       Tailslap          ||     2
 Cast: Flame Tongue      ||    24
Armor: Skin              ||    21
Dodge: Dodged            ||    34
